 Dungeon Crawl Stone Soup version 0.19-a0-450-g98b348d (webtiles) character file.

51 namelastname112 the Skirmisher (level 3, 0/37 HPs)
             Began as a Draconian Wanderer on June 1, 2016.
             Slain by a goblin (1 damage)
             ... led by Robin
             ... on level 2 of the Dungeon.
             The game lasted 00:01:23 (662 turns).

namelastname112 the Skirmisher (Draconian Wanderer)  Turns: 662, Time: 00:01:24

Health: 0/37       AC:  5    Str: 13    XL:     3   Next: 57%
Magic:  3/3        EV: 12    Int: 13    God:
Gold:   41         SH:  0    Dex: 11    Spells: 0 memorised, 2 levels left

rFire  . . .     SeeInvis .     a - +2 falchion
rCold  . . .     Gourm    .     (armour unavailable)
rNeg   . . .     Faith    .     (no shield)
rPois  .         Spirit   .     (helmet restricted)
rElec  .         Dismiss  .     (no cloak)
rCorr  .         Reflect  .     (no gloves)
SustAt .         Harm     .     (no boots)
MR     .....                    (no amulet)
Stlth  ++........               (no ring)
                                (no ring)

@: not resistant to hostile enchantments, unstealthy
A: unfitting armour, cold-blooded, AC +5
a: no special abilities


You were on level 2 of the Dungeon.
You were not hungry.

You visited 1 branch of the dungeon, and saw 2 of its levels.

You collected 41 gold pieces.

Inventory:

Hand Weapons
 a - a +2 falchion (weapon)
Missiles
 e - a throwing net (quivered)
Scrolls
 b - 2 scrolls of teleportation
 d - a scroll of random uselessness {unknown}
 g - a scroll of enchant armour {unknown}
 i - a scroll of magic mapping {unknown}
Comestibles
 f - a bread ration
 h - a chunk of flesh
 j - 2 fruits


   Skills:
 + Level 5.9 Fighting
 + Level 2.8 Long Blades
 + Level 1.8 Dodging
 - Level 1.7 Stealth


You had 2 spell levels left.
You didn't know any spells.

Dungeon Overview and Level Annotations

Branches:
Dungeon (1/15)

Altars:
Dithmenos
Zin

Annotations:
D:2 Robin


Innate Abilities, Weirdness & Mutations

Your plain brown scales are hard. (AC +5)
Your body does not fit into most forms of armour.
You are cold-blooded and may be slowed by cold attacks.


Message History

You barely miss the goblin. The hobgoblin hits you with a club.
* * * LOW HITPOINT WARNING * * *
The goblin misses you.
You take 4 damage, and have 1/37 hp.
You feel better. The hobgoblin misses you. Robin barely misses you.
The goblin hits you.
* * * LOW HITPOINT WARNING * * *
You regained 6 hp, and now have 7/37 hp.
The hobgoblin hits you with a club.
* * * LOW HITPOINT WARNING * * *
Robin hits you with a spear.
* * * LOW HITPOINT WARNING * * *
You take 6 damage, and have 1/37 hp.
The goblin no longer looks unusually strong.
Robin barely misses you.
Robin roars a battlecry!
The goblin goes into a battle-frenzy!
You see here a club.
The goblin hits you.
You die...

#....#####.....#
####....##........#
#.......##........#
##.#.....##........######
..........)..)._...........
#.........#..[.....#####.#.
##.#.#.....#....g...#
...#.#.....#..†.gg..#
...........#...)@#### #
.....#.#######)#####..#
§#.###.# #..........#
§##.)...#####..........#
§§#§...............[...#
#§#§#...................#
._§§..........%.).......#
#§#§#...................#
§§#....................#


You could see Robin, a hobgoblin and a goblin.

Vanquished Creatures
  An adder (D:2)
  2 oozes (D:1)
  A worm (D:2)
  3 giant cockroaches
  11 goblins
  5 hobgoblins
  A kobold (D:1)
  A rat (D:2)
25 creatures vanquished.

Notes
Turn   | Place    | Note
--------------------------------------------------------------
     0 | D:1      | namelastname112 the Draconian Wanderer began the quest for the Orb.
     0 | D:1      | namelastname112 set off with: a +2 falchion, a scroll of teleportation, a potion of curing, a +0 dagger, a bread ration
     0 | D:1      | Reached XP level 1. HP: 23/23 MP: 1/1
    48 | D:1      | Reached XP level 2. HP: 20/29 MP: 2/2
    55 | D:1      | Goblin1989: а этот новый бог битвы убойная вещь, однако!
    58 | D:1      | namelastname112: какой именно?
   266 | D:1      | You fall through a shaft!
   266 | D:1      | Goblin1989: ну который не хелп
   267 | D:2      | namelastname112: а
   267 | D:2      | namelastname112: да
   267 | D:2      | namelastname112: он вообще клевый
   281 | D:2      | Found a glowing silver altar of Zin.
   301 | D:2      | Reached XP level 3. HP: 8/37 MP: 3/3
   558 | D:2      | Found a shadowy altar of Dithmenos.
   622 | D:2      | Noticed Robin
   656 | D:2      | HP: 1/37 [hobgoblin/club[Robin] (4)]
   662 | D:2      | Slain by a goblin

Vault maps used:
D:1:      lemuel_arrival_room
D:2:      nicolae_overflow_crystal_walls, grunt_dithmenos_smoke_and_mirrors,
          uniq_robin

Action                   || total
-------------------------++-------
Melee: Falchion          ||    61
       Tailslap          ||     4
  Use: Potion            ||     1
Armor: Skin              ||    21
Dodge: Dodged            ||    42
